Map: [ESL] Oceanborn

Players

Scarlett

  • Race: Zerg Zerg
  • Spawn Location: 5:00

Future - Winner!

  • Race: Terran Terran
  • Spawn Location: 11:00

Event: ESL SC2 Masters 2023 Winter (Regional)

VOD

Have the link to the VOD?

Description

Time

  • Played on: Oct. 29, 2023, 12:45 p.m.
  • Length: 12:23

All games in this series

Show
View Real Time Build Order
Export as new Build Order

Scarlett Zerg 

Build Orders: Hatch First 

Get SALT Encoding   

  12  0:00  Drone  
  13  0:12  Overlord  
  13  0:17  Drone  
  14  0:31  Drone x2  
  16  0:47  Hatchery  
  15  0:51  Drone  
  15  0:55  Drone  
  17  0:58  Drone  
  18  1:09  Extractor  
  17  1:12  Spawning Pool  
  17  1:17  Drone  
  17  1:19  Drone  
  18  1:28  Drone  
  20  1:40  Drone  
  20  1:50  Drone  
  21  1:59  Queen x2  
  21  2:00  Drone x2  
  27  2:10  Overlord  
  27  2:12  Drone  
  27  2:15  Metabolic Boost  
  28  2:21  Overlord  
  28  2:41  Drone  
  28  2:42  Drone, Overlord  
  28  2:43  Hatchery  
  29  2:51  Drone x2  
  31  2:53  Queen  
  31  2:57  Overlord  
  33  3:02  Zergling x2  
  33  3:04  Drone  
  35  3:08  Drone x3  
  38  3:14  Queen  
  38  3:17  Drone  
  38  3:19  Drone  
  42  3:21  Drone  
  42  3:26  Drone  
  44  3:29  Queen  
  44  3:32  Overlord  
  46  3:38  Drone  
  47  3:43  Drone x3  
  47  3:44  Drone  
  47  3:48  Drone  
  52  3:50  Queen  
  52  3:55  Overlord  
  54  3:56  Drone  
  54  4:00  Queen  
  57  4:02  Drone  
  57  4:03  Drone x2  
  57  4:09  Roach Warren  
  58  4:11  Zergling x2  
  58  4:14  Drone x3  
  62  4:18  Lair  
  62  4:23  Drone x4  
  66  4:28  Overlord  
  66  4:29  Queen  
  68  4:32  Drone x2  
  68  4:36  Queen  
  72  4:40  Drone  
  72  4:44  Spore Crawler  
  72  4:45  Spore Crawler  
  71  4:46  Spore Crawler  
  71  4:49  Drone  
  71  4:50  Drone x4  
  75  4:53  Zergling x6  
  75  4:56  Zergling x6  
  81  5:00  Overlord  
  81  5:04  Extractor  
  81  5:05  Zergling x4, Extractor  
  81  5:06  Overlord  
  81  5:10  Overlord  
  81  5:11  Overlord  
  81  5:17  Glial Reconstitution, Overlord x2  
  81  5:27  Roach x4  
  89  5:30  Roach  
  89  5:33  Zergling x10, Roach  
  98  5:40  Queen x3  
  103  5:44  Zergling x4, Roach x2  
  103  5:48  Zergling x2, Roach  
  103  5:49  Zergling x2  
  113  5:52  Roach  
  113  5:54  Zergling x4, Roach  
  119  5:57  Overlord  
  119  6:00  Overlord  
  118  6:11  Overlord  
  118  6:13  Overlord  
  118  6:14  Drone x3  
  118  6:17  Overlord  
  121  6:21  Drone x7  
  121  6:22  Evolution Chamber  
  121  6:23  Evolution Chamber  
  126  6:29  Drone  
  126  6:30  Drone x4  
  131  6:34  Drone x3  
  131  6:35  Extractor  
  131  6:36  Extractor  
  132  6:46  Roach x3  
  129  6:50  Roach x7  
  129  6:52  Extractor  
  142  6:55  Overlord, Ravager x3  
  145  7:01  Roach x2  
  145  7:06  Hatchery  
  145  7:08  Roach x2  
  152  7:13  Roach x3  
  158  7:21  Roach x4  
  158  7:22  Roach  
  166  7:28  Roach x4  
  153  7:32  Roach x3  
  154  7:39  Roach x3  
  160  7:48  Roach x3  
  164  7:57  Roach x5, Hatchery  
  153  8:08  Roach  
  153  8:09  Roach x6  
  131  8:16  Roach x4  
  127  8:25  Zerg Ground Armor Level 1  
  127  8:30  Drone  
  128  8:35  Ravager x2  
  128  8:39  Ravager  
  128  8:40  Drone x8, Hatchery  
  138  8:53  Roach x7  
  152  8:57  Infestation Pit  
  149  9:13  Roach x8, Evolution Chamber  
  164  9:19  Overlord x2  
  164  9:20  Overlord  
  164  9:22  Drone x3  
  168  9:27  Hatchery  
  167  9:33  Infestor  
  167  9:34  Infestor, Spore Crawler  
  167  9:37  Drone x8  
  178  9:40  Extractor  
  178  9:42  Extractor  
  178  9:43  Zerg Missile Weapons Level 1  
  176  9:47  Roach x4  
  176  9:51  Spore Crawler  
  183  9:58  Roach x5  
  193  10:12  Roach x3  
  199  10:25  Ravager x3  
  200  10:35  Hive  
  200  10:38  Overlord  
  196  10:45  Roach x4  
  187  10:51  Roach  
  187  10:52  Zergling x2, Roach x8  
  196  11:03  Zergling x6, Roach x11  
  185  11:09  Roach x5  
  185  11:10  Zergling x2  
  154  11:25  Roach x8  
  164  11:31  Roach x3  
  157  11:37  Spore Crawler  
  157  11:38  Roach x2  
  144  11:45  Roach x3  
  124  11:49  Hatchery  
  124  11:51  Drone  
  124  11:52  Drone x2, Spore Crawler  
  116  12:01  Roach x2  
Show
View Real Time Build Order
Export as new Build Order

Future Terran - Winner!

Build Orders:  

Get SALT Encoding   

  12  0:00  SCV  
  13  0:12  SCV  
  14  0:18  Supply Depot  
  14  0:24  SCV  
  15  0:40  SCV  
  15  0:41  Barracks  
  16  0:52  SCV  
  17  1:04  SCV  
  18  1:16  Command Center, SCV  
  19  1:28  Orbital Command  
  19  1:29  Marine  
  20  1:38  Supply Depot  
  20  1:43  Refinery  
  20  1:47  Marine  
  21  1:55  SCV  
  22  2:02  Barracks  
  22  2:07  SCV  
  23  2:19  Barracks, SCV  
  24  2:29  Orbital Command  
  24  2:32  SCV  
  25  2:39  Barracks Reactor  
  25  2:44  SCV  
  26  2:51  Barracks Tech Lab  
  26  2:52  Barracks  
  26  2:56  SCV  
  26  2:58  SCV  
  28  3:08  Barracks Tech Lab, SCV  
  28  3:09  Marine  
  28  3:10  SCV  
  31  3:16  Marine x2  
  33  3:20  SCV  
  33  3:21  Stimpack  
  33  3:22  Supply Depot, SCV  
  33  3:26  Marine  
  36  3:27  Marine  
  36  3:32  SCV  
  36  3:34  SCV, Marine x2  
  41  3:44  SCV, Marine x2  
  41  3:45  Marine  
  41  3:46  SCV  
  46  3:51  Marine, Supply Depot  
  46  3:52  Marine  
  48  3:56  SCV  
  48  3:57  Combat Shield  
  48  3:58  SCV  
  48  4:02  Marine x2  
  52  4:06  Marine, Supply Depot  
  52  4:09  SCV  
  54  4:12  Marine x2  
  54  4:13  SCV, Refinery  
  54  4:14  Refinery  
  54  4:15  Supply Depot  
  57  4:19  Marine  
  57  4:20  Marine  
  57  4:21  SCV  
  60  4:24  Marine  
  60  4:25  SCV  
  60  4:30  Marine x2  
  64  4:32  Supply Depot  
  64  4:33  SCV  
  64  4:37  Marine x2, SCV  
  68  4:43  Factory  
  68  4:44  Engineering Bay  
  68  4:45  Marine, Supply Depot, SCV  
  69  4:48  Marine x2  
  69  4:49  SCV  
  73  4:55  Marine x2  
  73  4:56  Supply Depot  
  73  4:57  SCV  
  76  5:01  SCV  
  76  5:02  Refinery  
  77  5:08  Supply Depot  
  77  5:11  SCV  
  77  5:12  Marine x2  
  81  5:14  Barracks Reactor, SCV  
  81  5:15  Terran Infantry Weapons Level 1  
  81  5:20  Barracks Reactor  
  81  5:22  Supply Depot  
  81  5:26  Marine  
  82  5:28  Starport  
  82  5:30  Marine x2  
  84  5:38  Siege Tank  
  87  5:43  Marine  
  87  5:48  Marine x2  
  87  5:49  Supply Depot x2  
  90  5:51  Marine x2  
  92  6:01  Marine  
  93  6:05  Marine  
  93  6:06  Marine  
  93  6:11  Barracks Reactor, Siege Tank  
  95  6:13  Marine x2  
  95  6:15  Command Center  
  100  6:19  Marine, Concussive Shells  
  100  6:20  Medivac x2  
  100  6:23  SCV x2  
  107  6:34  Marine x4  
  107  6:36  SCV x2  
  107  6:37  Marauder  
  115  6:41  Supply Depot  
  115  6:43  Supply Depot  
  115  6:49  SCV x2  
  115  6:50  Marine x2  
  115  6:52  Siege Tank  
  122  6:54  Marine x2  
  122  6:56  Marine  
  122  6:58  Marine  
  126  7:08  SCV x2  
  128  7:09  Terran Infantry Armor Level 1, Supply Depot  
  128  7:18  Marine, Marauder  
  128  7:24  Siege Tank  
  128  7:25  Medivac  
  128  7:26  SCV  
  128  7:27  SCV  
  133  7:35  Marine x2  
  131  7:40  Marine  
  131  7:41  Marauder  
  131  7:44  SCV x2  
  134  7:46  Armory  
  134  7:47  Engineering Bay  
  134  7:49  Barracks  
  130  7:52  Marine x2  
  117  8:01  Siege Tank  
  117  8:02  Marauder  
  109  8:06  Marine  
  109  8:08  Marine  
  109  8:09  Marine  
  109  8:12  Medivac  
  101  8:13  Marine  
  101  8:14  Marine x2  
  101  8:19  SCV x2  
  104  8:20  Orbital Command  
  104  8:23  Marine  
  104  8:25  Marine  
  106  8:31  SCV x2  
  106  8:32  Refinery  
  106  8:33  Siege Tank, Refinery  
  106  8:34  Marine x5  
  112  8:38  Barracks Tech Lab  
  118  8:41  Marauder  
  118  8:50  Marine  
  118  8:51  Marine x2  
  118  8:52  Marine x2  
  118  8:55  Medivac x2  
  129  9:02  Terran Infantry Weapons Level 2  
  129  9:03  Marauder  
  129  9:04  Marauder  
  129  9:05  Siege Tank  
  129  9:08  Marine x2  
  133  9:11  Terran Infantry Armor Level 2  
  133  9:13  Terran Vehicle Weapons Level 1  
  133  9:16  Factory, Marine  
  134  9:18  Marine  
  134  9:21  Marine  
  134  9:22  Marine  
  135  9:24  Marauder  
  135  9:25  Marauder  
  135  9:26  Medivac x2  
  135  9:31  Marine x2  
  141  9:34  Marine  
  141  9:36  Marine  
  141  9:37  Supply Depot x2  
  145  9:39  Siege Tank  
  145  9:44  Marine  
  145  9:45  Marauder, Marine  
  152  9:46  Marauder  
  154  9:53  Marine x3  
  154  9:56  Supply Depot  
  154  9:59  Medivac  
  161  10:07  Marauder  
  161  10:08  Marauder, Medivac  
  161  10:11  Siege Tank  
  167  10:15  Marine x2  
  167  10:16  Marine x2  
  171  10:22  Marine x2  
  171  10:28  Marauder  
  175  10:29  Marauder  
  175  10:30  Factory Tech Lab  
  175  10:31  Command Center  
  175  10:32  Supply Depot  
  175  10:33  Marine x2  
  179  10:42  Marine  
  179  10:43  Marine x2  
  179  10:45  Marine  
  179  10:48  Siege Tank  
  179  10:49  Marauder  
  185  10:50  Medivac x2  
  185  10:51  Marine, Marauder  
  190  11:00  SCV x2  
  182  11:05  Marine x2  
  182  11:06  Marine x3  
  182  11:09  Marine  
  182  11:11  Marauder  
  171  11:12  Marauder  
  164  11:23  Marine x2  
  164  11:24  Marine  
  167  11:26  Siege Tank  
  167  11:27  Siege Tank  
  167  11:29  Marine x2  
  167  11:32  Marauder  
  166  11:33  Marauder, Marine  
  166  11:35  SCV x2  
  166  11:36  SCV  
  163  11:41  Marine  
  163  11:42  Marine  
  164  11:48  Marine  
  164  11:54  Marauder  
  167  11:55  Marauder  
  167  12:01  Marine  
  180  12:02  Command Center  
Tags
 
Add a new tag
Caveats
  • Supply blocks, unpowered buildings, or Contaminate may cause inaccurate times.
  • Supply counts are checked every 10 seconds.